 Dungeon Crawl Stone Soup version 0.30.1-3-gfc49f6343a (webtiles) character file.

Game seed: 11291912180472350204

57 McKennaii the Conjurer (level 3, -3/26 HPs)
             Began as a Demigod Conjurer on Aug 1, 2023.
             Slain by a gnoll
             ... wielding a +0 spear
              (8 damage)
             ... on level 2 of the Dungeon.
             The game lasted 00:01:19 (1660 turns).

McKennaii the Conjurer (Demigod Conjurer)           Turns: 1660, Time: 00:01:19

Health: -3/26      AC:  2    Str:  8    XL:     3   Next: 50%
Magic:  7/9        EV: 12    Int: 24    God:
Gold:   89         SH:  0    Dex: 12    Spells: 4/7 levels left

rFire   . . .        (no weapon)
rCold   . . .        (no shield)
rNeg    . . .        a - +0 robe
rPois   .            (no helmet)
rElec   .            (no cloak)
rCorr   .            (no gloves)
SInv    .            (no boots)
Will    .....        (no amulet)
Stlth   ++           (no ring)
HPRegen 0.24/turn    (no ring)
MPRegen 0.11/turn

%: no passive effects
@: no status effects
A: high MP 1, forlorn, divine attributes
a: no special abilities


You were on level 2 of the Dungeon.
You visited 1 branch of the dungeon, and saw 2 of its levels.

You collected 89 gold pieces.

Inventory:

Armour
 a - a +0 robe (worn)
Scrolls
 c - a scroll of fog {unknown}
 e - 2 scrolls of enchant armour {unknown}
 h - a scroll of teleportation {unknown}
 i - a scroll of identify {unknown}
 k - a scroll of amnesia {unknown}
Potions
 b - a potion of magic
 d - a potion of curing {unknown}
 f - a potion of flight {unknown}
 g - 2 potions of lignification {unknown}
 j - a potion of heal wounds {unknown}
 l - 2 potions of invisibility {unknown}


   Skills:
 - Level 1.7 Dodging
 - Level 1.7 Stealth
 + Level 2.7 Spellcasting
 + Level 4.3 Conjurations


You had 4 spell levels left.
You knew the following spells:

 Your Spells              Type           Power      Damage    Failure   Level
a - Magic Dart            Conj           96%        1d7       1%          1
b - Searing Ray           Conj           48%        2d6       2%          2

Your spell library contained the following spells:

 Spells                   Type           Power      Damage    Failure   Level
 Dazzling Flash           Conj/Hex       26%        N/A       14%         3
 Fulminant Prism          Conj/Hex       6%         3d7       41%         4
 Iskenderun's Mystic Bla  Conj/Tloc      13%        2d5       41%         4


Dungeon Overview and Level Annotations

Branches:
Dungeon (2/15)

Shops:
D:2 [


Innate Abilities, Weirdness & Mutations

You have an increased reservoir of magic. (+10% MP)
You shall have no god before yourself.
Your divine heritage dramatically boosts your attributes as you level up.


Message History

The dart slug launches a dart at you. The slug dart hits you.
The magic dart hits the dart slug.
You kill the dart slug!
Key pressed, stopping explore.
You can't see any susceptible monsters within range! (Use Z to cast anyway.) No target in view!
You now have 89 gold pieces (gained 10).
A hobgoblin comes into view.
Found a stone staircase leading down.
The magic dart hits the hobgoblin!
You kill the hobgoblin!
No target in view!
Found a stone staircase leading up.
You can't see any susceptible monsters within range! (Use Z to cast anyway.) No target in view!
You open the door.
There is an open door here. 3 gnolls come into view.
The gnoll shouts! x2
The magic dart hits the gnoll.
The gnoll is heavily wounded.
The gnoll shouts!
The gnoll hits you with a +0 spear!
There are monsters nearby!
You barely miss the gnoll.
The gnoll is heavily wounded.
The gnoll hits you with a +0 spear.
The magic dart hits the gnoll!
You kill the gnoll!
The gnoll misses you. The gnoll closely misses you.
There are monsters nearby!
The gnoll barely misses you. The gnoll hits you with a +4 spear.
Things that are here:
a +0 spear; a gnoll corpse You are too injured to fight recklessly!
The gnoll attacks as you move away! The gnoll hits you with a +4 spear.
* * * LOW HITPOINT WARNING * * *
The gnoll hits you from afar with a +0 spear!
You die...

## #. ##.### ##
#..... .#. ..... .
.......... #...#.#
#......... #...#.#
#<........
#.gg..#####..##>....
#)# ##............
#.#@###...##..#.....
#.....'.............
##..###...##........
#..# #...##......##
#..# #...##......#
#..# ######....#.##
#..# #............
#..####.###..###.##
#............# .#


You could see 2 gnolls.

Vanquished Creatures
  An adder (D:2)
  A gnoll (D:2)
  A dart slug (D:2)
  3 endoplasms (D:1)
  3 goblins
  4 hobgoblins
  3 quokkas
  6 ball pythons (D:1)
  5 bats (D:1)
  3 frilled lizards
  2 kobolds (D:1)
  3 rats (D:1)
35 creatures vanquished.

Notes
Turn   | Place    | Note
-------+----------+-------------------------------------------
     0 | D:1      | McKennaii the Demigod Conjurer began the quest for the Orb.
     0 | D:1      | Reached XP level 1. HP: 14/14 MP: 5/5
   426 | D:1      | Reached XP level 2. HP: 18/20 MP: 2/7
   651 | D:1      | Reached skill level 4 in Conjurations
  1316 | D:2      | Learned a level 2 spell: Searing Ray
  1390 | D:2      | Reached XP level 3. HP: 17/26 MP: 3/9
  1438 | D:2      | Found Etye's Armour Emporium.
  1660 | D:2      | Slain by a gnoll

Illustrated notes

Levels and vault maps discovered:
D:1:      tarquinn_simple_flora_water_b, layout_basic,
          ebering_ecumenical_altar_box, minmay_close_crescents
D:2:      layout_basic, serial_shops, nicolae_shop_crystal, nicolae_shop_stone,
          nicolae_square_shop, uniq_jessica

Skill      XL: |  1  2 |
---------------+-------+-----
Spellcasting   | 2 |  2.7
Conjurations   | 4 |  4.3
Dodging        | |  1.7
Stealth        | |  1.7

Action                     || total
---------------------------++-------
  Melee: Unarmed           ||    24
         Punch             ||     1
   Cast: Magic Dart        ||    67
 Armour: Robe              ||    12
  Dodge: Dodged            ||    23
